 Dungeon Crawl Stone Soup version 0.25-a0-23-gdc1bd94 (webtiles) character file.

Game seed: 10009261923481577952, levelgen mode: deterministic

34 DrEnzyme the Sneak (level 3, -2/24 HPs)
             Began as a Formicid Wanderer on Oct 16, 2019.
             Slain by an adder (3 damage)
             ... on level 2 of the Dungeon.
             The game lasted 00:06:17 (2651 turns).

DrEnzyme the Sneak (Formicid Wanderer)              Turns: 2651, Time: 00:06:17

Health: -2/24      AC:  2    Str: 22    XL:     3   Next: 50%
Magic:  1/4        EV: 12    Int: 13    God:
Gold:   73         SH:  0    Dex:  8    Spells: 0/4 levels left

rFire    . . .     SeeInvis +   b - +0 dagger
rCold    . . .     Gourm    .   (no shield)
rNeg     . . .     Faith    .   d - +0 robe
rPois    .         Spirit   .   (helmet unavailable)
rElec    .         Reflect  .   (no cloak)
rCorr    .         Harm     .   (no gloves)
MR       .....                  (no boots)
Stlth    ++........             (no amulet)
HPRegen  0.08/turn              (no ring)
MPRegen  0.09/turn              (no ring)

@: mighty, lethally poisoned (-2 -> -9), very slightly contaminated
A: permanent stasis, dig shafts and tunnels, four strong arms, antennae 3
a: Dig, Shaft Self


You were on level 2 of the Dungeon.
You were hungry.

You visited 1 branch of the dungeon, and saw 2 of its levels.

You collected 73 gold pieces.

Inventory:

Hand Weapons
 a - a +0 club
 b - a +0 dagger (weapon)
 g - a +0 dagger
Missiles
 k - 40 stones (quivered)
Armour
 d - a +0 robe (worn)
Jewellery
 f - an uncursed amulet of guardian spirit {unknown}
Scrolls
 c - a scroll of amnesia {unknown}
 e - a scroll of remove curse
 h - a scroll of teleportation
 i - a scroll of enchant armour {unknown}
Potions
 j - a potion of might
 l - a potion of haste {unknown}


   Skills:
 + Level 0.6 Short Blades
   Level 1.0 Polearms
 + Level 1.2 Throwing
 + Level 1.5 Dodging
 + Level 3.2 Stealth
 * Level 1.0 Spellcasting
 + Level 3.1 Charms
   Level 2.0 Fire Magic


You couldn't memorise any spells.
You knew the following spells:

 Your Spells              Type           Power        Failure   Level  Hunger
a - Infusion              Chrm           #...         8%          1    ##.....
b - Shroud of Golubria    Chrm/Tloc      #.....       22%         2    ###....
c - Sandblast             Erth           #.....       28%         1    ##.....

Your spell library contained the following spells:

 Spells                   Type           Power        Failure   Level  Hunger
 Song of Slaying          Chrm           #.......     12%         2    ###....
 Regeneration             Chrm/Necr      #.........   41%         3    ####...
 Spectral Weapon          Hex/Chrm       #.......     41%         3    ####...
 Stone Arrow              Conj/Erth      #.....       63%         3    ####...


Dungeon Overview and Level Annotations

Branches:
Dungeon (2/15)

Altars:


Innate Abilities, Weirdness & Mutations

You cannot be hasted, slowed, berserked, paralysed or teleported.
You can dig through walls and to a lower floor.
Your four strong arms can wield two-handed weapons with a shield.
You have a pair of large antennae on your head. (SInv)


Message History

You closely miss the adder.
The adder is lightly wounded.
The adder barely misses you.
You miss the adder.
The adder is lightly wounded.
You feel sick. The adder barely misses you.
You puncture the adder!
The adder is almost dead.
You feel sick. The adder bites you.
* * * LOW HITPOINT WARNING * * *
You miss the adder.
The adder is almost dead.
The adder bites you.
* * * LOW HITPOINT WARNING * * *
The adder barely misses you.
You closely miss the adder.
The adder is almost dead.
* * * LOW HITPOINT WARNING * * *
You feel sick. The adder bites you.
You die...

# #........... #
#....###########.
###.....# ... .......##
... ###.#<## ...
....#.# #.# #####.# #S#
##'## #S### ##...##
#@#.## ##.....##
##....## ##.......##
##......##
#.........####........#
+.........+..........##
#.[.......####......##
##.......## ##.##.##
##.....## ####.#
##...## #.#


You could see an adder and a ball python.

Vanquished Creatures
  A dart slug (D:1)
  2 leopard geckos (D:1)
  2 giant cockroaches (D:1)
  4 goblins (D:1)
  6 hobgoblins (D:1)
  3 jackals (D:1)
  4 bats
  2 kobolds
  A rat (D:1)
25 creatures vanquished.

Notes
Turn   | Place    | Note
-------+----------+-------------------------------------------
     0 | D:1      | DrEnzyme the Formicid Wanderer began the quest for the Orb.
     0 | D:1      | DrEnzyme set off with the following items: a +0 club, a
                  | potion of lignification, a +0 robe, a ration, a +0 dagger;
                  | and the following spells available to memorise: Infusion,
                  | Song of Slaying, Shroud of Golubria, Sandblast,
                  | Regeneration, Spectral Weapon, Stone Arrow
     0 | D:1      | Reached XP level 1. HP: 13/13 MP: 1/1
   420 | D:1      | Reached XP level 2. HP: 6/19 MP: 2/2
   668 | D:1      | Learned a level 1 spell: Infusion
  1833 | D:1      | Reached XP level 3. HP: 21/24 MP: 0/4
  2272 | D:1      | Learned a level 2 spell: Shroud of Golubria
  2528 | D:2      | Reached skill level 1 in Spellcasting
  2534 | D:2      | Learned a level 1 spell: Sandblast
  2650 | D:2      | HP: 1/24 [adder (4)]
  2651 | D:2      | Slain by an adder

Levels and vault maps discovered:
D:1:      minmay_arrival_hallway, layout_rooms, dk_noncrumbling_4,
          kennysheep_nondescript
D:2:      layout_loops_corners, first_ration, minmay_cupped

Skill      XL: |  1  2  3 |
---------------+----------+-----
Stealth        | 3 |  3.2
Spellcasting   | 1 |  1.0
Short Blades   | |  0.6
Polearms       | |  1.0
Throwing       | |  1.2
Dodging        | |  1.5
Charms         | |  3.1
Fire Magic     | |  2.0

Action                   || total
-------------------------++-------
Melee: Club              ||    44
       Dagger            ||   124
 Cast: Infusion          ||     7
       Sandblast         ||     1
  Use: Potion            ||     2
       Scroll            ||     3
 Stab: Sleeping          ||     1
  Eat: Chunk             ||     2
       Ration            ||     1
Armor: Robe              ||    50
       Skin              ||    12
Dodge: Dodged            ||   114

Table legend:
 A = Non-vault XP
 B = Vault XP
 C = Vault XP percentage of total XP
 D = Non-vault monster count
 E = Vault monster count
 F = Vault count percentage of total count
                 A         B        C        D         E       F
            +---------+---------+-------+---------+---------+-------
      Total |      49 |       0 |   0.0 |      25 |       0 |   0.0
            +---------+---------+-------+---------+---------+-------
        D:1 |      45 |       0 |   0.0 |      22 |       0 |   0.0
        D:2 |       4 |       0 |   0.0 |       3 |       0 |   0.0
            +---------+---------+-------+---------+---------+-------
